Cogmind - Beta 12 *** ADVENTURER MODE // 2023.04.02 @ 17:06:09 Player: Sardaukar Result: Destroyed by L-41 Fighter with Axe Performance ------------- Evolutions (5) 2500 Regions Visited (14) 2800 Robots Destroyed (109) 545 Value Destroyed (3361) 3361 Prototype IDs (5) 100 Alien Tech Used (0) 0 Bonus (570) 570 TOTAL SCORE: 9876 Bonus ------- High Alert Combat Kills 38 Follower Combat Kills 32 Entered DSFs 500 Cogmind --------- Core Integrity 0/1000 Matter 300/300 Energy 100/100 System Corruption 5% Temperature Cool (0) Movement Core (200) Ox3 Location -5/Upper Caves Parts ------- > --- POWER (1) -------- (None) > --- PROPULSION (6) --- (None) > --- UTILITY (7) ------ Medium Storage Unit Advanced Signal Interpreter > --- WEAPON (3) ------- (None) > --- INVENTORY (10) --- Light Angular Momentum Engine Antigrav System Advanced Heat Sink Terrain Scan Processor Improved Transmission Jammer Improved Focal Shield Component Analysis Suite High-powered Tractor Beam Peak State ------------ > --- POWER ------------ Fission Core > --- PROPULSION ------- Gravmag Array Gravmag Array Gyrokinetic Inverter > --- UTILITY ---------- Improved Heat Sink Medium Storage Unit Structural Scanner Improved Signal Interpreter Improved Kinecellerator Advanced Drone Bay > --- WEAPON ----------- Heavy Laser Coil Gun Coil Gun > --- INVENTORY -------- Light Angular Momentum Engine Advanced Heat Sink Terrain Scan Processor Improved Transmission Jammer Improved Focal Shield Component Analysis Suite System Restoration Module High-powered Tractor Beam High-powered Shock Rifle [Rating: 74] Favorites ----------- Power Reinforced Ion Engine Engine Reinforced Ion Engine Power Core Light Nuclear Core Propulsion Light Treads Treads Light Treads Leg Aluminum Leg Wheel Compact Wheel Hover Unit Gravmag Array Flight Unit VTOL Module Utility Medium Storage Unit Device Experimental Sensor Array Storage Medium Storage Unit Processor Improved Signal Interpreter Protection Improved Medium Armor Plating Weapon Heavy Battle Rifle Energy Gun Heavy Laser Energy Cannon Heavy Plasma Cannon Ballistic Gun Heavy Battle Rifle Ballistic Cannon Assault Cannon Launcher Grenade Launcher Special Weapon Improved Plasma Cutter Build | -11 -10 -10 -9 -9 -8 -7 -7 -7 -7 -6 -5 -5 -5 -5 ------- Run | Jun Mat Min Mat Min Mat Fac Was Fac DSF Fac Fac Was Fac Upp Slots Evolved 10 | . . . 2 . 2 2 . . . 2 2 . . . Power . | . . . . . . . . . . . . . . . Propulsion 4 | . . . 1 . . 1 . . . . 2 . . . Utility 5 | . . . 1 . 2 1 . . . 1 . . . . Weapon 1 | . . . . . . . . . . 1 . . . . Parts Attached 136 | 5 4 2 25 1 19 4 2 4 5 35 4 . 26 . Power 8 | . . . 1 . 2 . . 1 . 1 . . 3 . Engine 1 | . . . 1 . . . . . . . . . . . Core 7 | . . . . . 2 . . 1 . 1 . . 3 . Reactor . | . . . . . . . . . . . . . . . Propulsion 40 | 2 . . 5 . 8 1 . . 5 10 3 . 6 . Treads 17 | 2 . . 5 . 3 . . . 5 2 . . . . Leg 7 | . . . . . 5 1 . . . . . . 1 . Wheel 6 | . . . . . . . . . . 6 . . . . Hover 9 | . . . . . . . . . . 2 3 . 4 . Flight 1 | . . . . . . . . . . . . . 1 . Utility 54 | 1 2 1 10 . 6 3 1 3 . 15 1 . 11 . Device 25 | . 1 1 6 . 1 . . 3 . 8 1 . 4 . Storage 5 | 1 1 . . . . . . . . 2 . . 1 . Processor 9 | . . . 2 . 1 1 . . . 3 . . 2 . Hackware . | . . . . . . . . . . . . . . . Protection 15 | . . . 2 . 4 2 1 . . 2 . . 4 . Artifact . | . . . . . . . . . . . . . . . Weapon 34 | 2 2 1 9 1 3 . 1 . . 9 . . 6 . Energy Gun 9 | 1 . . 1 . . . . . . 3 . . 4 . Energy Cannon 2 | . . . . . . . . . . 2 . . . . Ballistic Gun 15 | 1 . 1 5 . 3 . 1 . . 3 . . 1 . Ballistic Cannon 1 | . . . . . . . . . . 1 . . . . Launcher 6 | . 2 . 3 1 . . . . . . . . . . Special Weapon 1 | . . . . . . . . . . . . . 1 . Impact Weapon . | . . . . . . . . . . . . . . . Slashing Weapon . | . . . . . . . . . . . . . . . Piercing Weapon . | . . . . . . . . . . . . . . . Special Melee Weapon . | . . . . . . . . . . . . . . . Unidentified Prototypes 3 | . . 1 1 . 1 . . . . . . . . . Parts Lost 41 | . . . . . 1 . 6 . 2 6 . 1 18 7 Power 4 | . . . . . . . 1 . 1 . . 1 1 . Propulsion 9 | . . . . . . . 2 . . 1 . . 4 2 Utility 18 | . . . . . 1 . 2 . 1 4 . . 7 3 Weapon 10 | . . . . . . . 1 . . 1 . . 6 2 Highest Loss Streak 11 | . . . . . 1 . 6 . 2 3 . 1 11 7 To Critical Strikes . | . . . . . . . . . . . . . . . Average Slot Usage (%) 87 | . 80 85 92 100 98 100 62 26 30 73 82 76 68 31 Engine 3 | . . . 7 11 3 . . . . . . . . . Core 2 | . . . . . 5 7 4 7 3 5 5 2 4 1 Treads 15 | . 28 28 29 33 4 . . . 13 6 . . . . Leg 6 | . . . . . 20 30 18 . . . . . . . Wheel 1 | . . . . . . . . . . 12 . . . . Hover 2 | . . . . . . . . . . 2 17 17 14 2 Device 11 | . 9 14 8 11 11 7 3 19 12 12 17 17 14 7 Storage 8 | . 14 14 11 11 9 7 4 . . 3 5 2 4 5 Processor 10 | . . . 11 11 15 20 9 . . 8 5 5 6 9 Protection 4 | . . . 2 . 8 9 9 . . 3 11 11 4 . Energy Gun 1 | . 10 . . . . . . . . 3 5 5 6 2 Ballistic Gun 12 | . 9 7 20 13 17 15 9 . . 4 11 11 7 1 Launcher 3 | . 7 20 1 8 . . . . . . . . . . Naked Turns 44 | . . . . . . . 44 . . . . . . . Heaviest Build 58 | 8 17 18 28 28 36 34 38 8 8 58 55 55 55 30 Greatest Support 88 | 40 40 40 66 66 69 45 45 3 88 88 60 60 62 22 Greatest Overweight (x) 8 | . . . . . 1 . 1 2 2 8 . . 7 8 Average Overweight (x) . | . . . . . . . . 2 . . . . . 2 Largest Inventory Capacity 10 | 8 10 10 10 10 10 10 10 5 5 10 10 10 10 10 Average Capacity 9 | 7 9 10 10 10 10 10 7 5 5 7 10 6 9 10 Most Carried 10 | 2 3 9 10 10 10 10 10 3 3 10 9 8 10 8 Average Carried 8 | . 2 6 8 9 9 9 6 . 1 6 6 6 8 8 Final Capacity 10 | 8 10 10 10 10 10 10 5 5 5 10 10 5 10 10 Final Carried 10 | . 3 8 9 10 10 9 4 . 3 8 8 5 8 8 Class Distribution -------------------- 48% | Mutant 23% | Scavenger-Skirmisher 10% | Scavenger-Mutant 9% | Scavenger-Gunner 6% | Scavenger-Tank Dominant Class ---------------- Mutant | -10/Materials Mutant | -10/Mines Mutant | -9/Materials Mutant | -9/Mines Scavenger-Skirmisher | -8/Materials Scavenger-Skirmisher | -7/Factory Mutant | -7/Waste Mutant | -7/Factory Mutant | -7/DSF Scavenger-Gunner | -6/Factory Scavenger-Tank | -5/Factory Scavenger-Tank | -5/Waste Scavenger-Gunner | -5/Factory Mutant | -5/Upper Caves Resources | -11 -10 -10 -9 -9 -8 -7 -7 -7 -7 -6 -5 -5 -5 -5 ----------- Run | Jun Mat Min Mat Min Mat Fac Was Fac DSF Fac Fac Was Fac Upp Matter Collected 3231 | 251 22 93 622 46 787 . . . 12 747 10 73 568 . Remotely 974 | . . . 181 . 315 . . . 12 275 10 . 181 . Salvage Created 4699 | . 85 77 1058 61 1472 44 . . . 983 10 . 909 . Parts 239 | . 7 4 66 4 71 2 . . . 37 1 . 47 . Haulers Intercepted 7 | . . . 1 . 5 . . . . 1 . . . . Recyclers Shooed 3 | . . . . . 2 . . . . . . . 1 . Parts Field Recycled . | . . . . . . . . . . . . . . . Retrieved Matter . | . . . . . . . . . . . . . . . Parts Self-Destructed . | . . . . . . . . . . . . . . . Prevented . | . . . . . . . . . . . . . . . Kills | -11 -10 -10 -9 -9 -8 -7 -7 -7 -7 -6 -5 -5 -5 -5 ------- Run | Jun Mat Min Mat Min Mat Fac Was Fac DSF Fac Fac Was Fac Upp Combat Hostiles Destroyed 67 | . 5 . 20 2 16 1 . . . 8 . . 15 . Guns 48 | . . . 15 1 15 1 . . . 1 . . 15 . Cannons 4 | . . . . . . . . . . 4 . . . . AOE 12 | . 5 . 5 1 1 . . . . . . . . . Classes Destroyed 16 | . 3 1 7 2 1 1 . . . . . . 1 . Worker 6 | . . . 3 . 1 . . . . 1 . . 1 . Builder 6 | . . . 1 . 1 . . . . 2 . . 2 . Tunneler 1 | . . . . 1 . . . . . . . . . . Hauler 7 | . . . 1 . 5 . . . . 1 . . . . Recycler 11 | . . 1 2 1 4 . . . . 3 . . . . Mechanic 1 | . . . 1 . . . . . . . . . . . Operator 2 | . . . . . 1 . . . . . 1 . . . Watcher 10 | . 1 . 3 . 5 . . . . 1 . . . . Swarmer 8 | . 3 . 3 . . . . . . . . . 2 . Grunt 36 | . 2 . 12 . 11 . . . . 4 . . 7 . Brawler 2 | . . . 1 . 1 . . . . . . . . . Duelist 2 | . . . 1 . . . . . . . . . 1 . Sentry 8 | . . . 3 . 4 . . . . 1 . . . . Hunter 1 | . . . . . . . . . . . . . 1 . Programmer 8 | . . . . . . 1 . . . 3 . . 4 . Assembled 2 | . . . . 2 . . . . . . . . . . Best Kill Streak 7 | . 5 1 7 1 7 1 . . . 4 1 . 6 . Combat Bots Only 5 | . 5 . 5 1 3 1 . . . 4 . . 5 . Max Kills in Single Turn 4 | . 4 1 2 1 1 1 . . . 1 1 . 2 . Gunslinging . | . . . . . . . . . . . . . . . Exploded 4 | . 4 . 2 1 1 . . . . . . . . . Melee . | . . . . . . . . . . . . . . . Uniques/NPCs Destroyed . | . . . . . . . . . . . . . . . Combat | -11 -10 -10 -9 -9 -8 -7 -7 -7 -7 -6 -5 -5 -5 -5 -------- Run | Jun Mat Min Mat Min Mat Fac Was Fac DSF Fac Fac Was Fac Upp Damage Taken 6614 | . 169 . 438 20 525 70 265 . 586 1583 15 32 1919 992 Core 1689 | . 46 . 41 8 48 . 206 . 141 189 . . 345 665 Absorbed by Shields . | . . . . . . . . . . . . . . . Redirected to Shielding 155 | . . . . . . . . . . . . . 155 . Regen/Repaired (Parts) 11 | . . . 11 . . . . . . . . . . . Core Remaining (%) 81 | 100 . 81 . 87 91 . . . 50 77 . . . . Volleys Fired 258 | 1 5 1 53 4 85 8 . . . 42 2 . 56 1 Largest 3 | 2 2 1 2 2 2 2 . . . 3 3 . 3 3 Hottest 234 | 60 60 33 56 56 58 50 . . . 234 129 . 159 148 Shots Fired 542 | 2 10 1 99 5 167 16 . . . 102 6 . 131 3 Gun 467 | 2 4 1 93 2 164 16 . . . 51 6 . 125 3 Cannon 51 | . . . . . . . . . . 51 . . . . Launcher 18 | . 6 . 6 3 3 . . . . . . . . . Special 6 | . . . . . . . . . . . . . 6 . Kinetic 399 | 1 2 1 93 2 164 16 . . . 44 4 . 71 1 Thermal 100 | . . . . . . . . . . 53 2 . 45 . Explosive 18 | . 6 . 6 3 3 . . . . . . . . . Electromagnetic 25 | 1 2 . . . . . . . . 5 . . 15 2 Robot Hit Streak 23 | . 7 8 15 9 23 14 . . . 20 6 . 16 2 Robot Miss Streak 6 | . 1 . 1 . 6 1 . . . 2 1 . 2 1 Penetration Max 2 | . . . . . . . . . . . . . 2 . Secondary Targets 6 | . . . 2 . 3 . . . . . . . 1 . Max Gunslinging Chain 1 | . . . 1 . 1 . . . . . . . 1 . Shots Hit Robots 402 | . 7 1 78 4 118 14 . . . 77 4 . 97 2 Core Hits 184 | . 8 1 45 4 56 2 . . . 28 1 . 39 . Critical Kills 6 | . . . 1 . 3 . . . . 2 . . . . Critical Parts Destroyed 6 | . . . 1 . . . . . . 1 . . 4 . Critical Strikes 15 | . . . 2 . 3 . . . . 4 . . 6 . Burn 2 | . . . . . . . . . . 1 . . 1 . Meltdown 2 | . . . . . . . . . . 2 . . . . Destroy 10 | . . . 2 . 3 . . . . 1 . . 4 . Corrupt 1 | . . . . . . . . . . . . . 1 . Melee Attacks . | . . . . . . . . . . . . . . . Impact . | . . . . . . . . . . . . . . . Slashing . | . . . . . . . . . . . . . . . Piercing . | . . . . . . . . . . . . . . . Sneak Attacks . | . . . . . . . . . . . . . . . Combat Hostiles . | . . . . . . . . . . . . . . . Follow-up Attacks . | . . . . . . . . . . . . . . . Damage Inflicted 10325 | . 426 27 2028 147 2648 296 . . . 2290 50 . 2377 36 Guns 7356 | . 30 27 1377 36 2217 296 . . . 968 50 . 2319 36 Cannons 1151 | . . . . . . . . . . 1151 . . . . Explosions 1737 | . 396 . 651 88 431 . . . . 171 . . . . Melee . | . . . . . . . . . . . . . . . Ramming 23 | . . . . 23 . . . . . . . . . . Kinetic 6320 | . 10 27 1377 36 2217 296 . . . 801 50 . 1488 18 Thermal 2160 | . . . . . 261 . . . . 1212 . . 687 . Explosive 1476 | . 396 . 651 88 170 . . . . 171 . . . . Electromagnetic 346 | . 20 . . . . . . . . 106 . . 202 18 Impact . | . . . . . . . . . . . . . . . Slashing . | . . . . . . . . . . . . . . . Piercing . | . . . . . . . . . . . . . . . Highest Corruption 7 | . . . . . . . 7 7 7 4 . . 6 5 Average Corruption 3 | . . . . . . . 7 7 6 1 . . 3 5 Corruption Purged 2 | . . . . . . . . . 1 . . . 1 . Corruption Blocked . | . . . . . . . . . . . . . . . Effects 17 | . . . . . . . 3 1 2 4 . . 5 2 Message Errors 2 | . . . . . . . 1 . . . . . . 1 Matter Fused 5 | . . . . . . . 1 . 2 1 . . 1 . Heat Flow Errors 1 | . . . . . . . . . . . . . 1 . Energy Discharges 3 | . . . . . . . . . . 1 . . 1 1 Parts Rejected 2 | . . . . . . . 1 . . 1 . . . . Data Loss (minor) 2 | . . . . . . . . 1 . 1 . . . . Misfires 1 | . . . . . . . . . . . . . 1 . Alerts 1 | . . . . . . . . . . . . . 1 . Overload Shots . | . . . . . . . . . . . . . . . Overflow Damage 116 | . 14 . 17 7 35 . . . . 43 . . . . Projectiles 35 | . . . . . . . . . . 35 . . . . Explosions 81 | . 14 . 17 7 35 . . . . 8 . . . . Melee . | . . . . . . . . . . . . . . . Knockbacks 1 | . . . . . . . . . . 1 . . . . Impact . | . . . . . . . . . . . . . . . Kinetic 1 | . . . . . . . . . . 1 . . . . Secondary . | . . . . . . . . . . . . . . . Self-Inflicted Damage 165 | . 85 . 18 . . . . . . 46 16 . . . Shots 8 | . 5 . 1 . . . . . . 1 1 . . . Rammed 1 | . . . . 1 . . . . . . . . . . Targets Rammed 2 | . . . . 2 . . . . . . . . . . Kicked . | . . . . . . . . . . . . . . . Crushed 1 | . . . . 1 . . . . . . . . . . Highest Temperature 615 | 10 10 . 69 16 88 60 . . . 615 141 . 403 48 Average Temperature 101 | 7 4 . 14 10 20 33 . . . 181 71 . 161 28 Received Heat Transfer 1869 | . 42 . 246 20 369 . . . 90 661 . . 207 234 Effects 15 | . . . . . . . . . . 13 . . 2 . Shutdowns 5 | . . . . . . . . . . 4 . . 1 . Interference 4 | . . . . . . . . . . 4 . . . . Matter Decay 2 | . . . . . . . . . . 2 . . . . Short Circuit 1 | . . . . . . . . . . . . . 1 . Damage (minor) 2 | . . . . . . . . . . 2 . . . . Damage (major) 1 | . . . . . . . . . . 1 . . . . Siege Activations . | . . . . . . . . . . . . . . . Robots Corrupted . | . . . . . . . . . . . . . . . Combat Hostiles . | . . . . . . . . . . . . . . . Parts Fried 1 | . . . . . . . . . . . . . 1 . Impact Corruptions . | . . . . . . . . . . . . . . . Robots Melted 3 | . . . . . . . . . . 3 . . . . Combat Hostiles 3 | . . . . . . . . . . 3 . . . . Parts Melted 7 | . . . . . . . . . . 5 . . 2 . Heat Transferred 3765 | . . . . . 350 . . . . 2083 . . 1332 . Parts Sabotaged . | . . . . . . . . . . . . . . . Parts Stolen . | . . . . . . . . . . . . . . . Parts Stripped . | . . . . . . . . . . . . . . . Power Chain Reactions . | . . . . . . . . . . . . . . . Missiles Intercepted . | . . . . . . . . . . . . . . . Alert | -11 -10 -10 -9 -9 -8 -7 -7 -7 -7 -6 -5 -5 -5 -5 ------- Run | Jun Mat Min Mat Min Mat Fac Was Fac DSF Fac Fac Was Fac Upp Peak Influence 549 | . 185 66 549 228 335 101 29 9 7 205 83 43 172 . Initial 129 | . . 61 . 129 1 70 29 9 7 . 12 23 13 . Average 113 | . 74 51 234 61 154 71 17 9 2 70 62 31 90 . Maximum Alert Level 2 | . . . 2 1 1 . . . . 1 . . . . Low Security (%) 83 | 100 100 100 39 99 73 100 100 100 100 98 100 100 100 . Level 1 14 | . . . 46 . 26 . . . . 1 . . . . Level 2 2 | . . . 13 . . . . . . . . . . . Level 3 . | . . . . . . . . . . . . . . . Level 4 . | . . . . . . . . . . . . . . . Level 5 . | . . . . . . . . . . . . . . . High Security . | . . . . . . . . . . . . . . . Max Security . | . . . . . . . . . . . . . . . Squads Dispatched 22 | . 1 . 3 . 3 1 . . . 8 . . 6 . Investigation 7 | . 1 . 1 . 1 . . . . 1 . . 3 . Extermination 6 | . . . . . . 1 . . . 3 . . 2 . Reinforcement 6 | . . . 2 . 2 . . . . 2 . . . . Assault . | . . . . . . . . . . . . . . . Garrison 3 | . . . . . . . . . . 2 . . 1 . Intercept . | . . . . . . . . . . . . . . . Searches Triggered . | . . . . . . . . . . . . . . . Construction Impeded 2 | . . . 1 . . . . . . 1 . . . . Haulers Reinforced 1 | . . . . . . . . . . 1 . . . . Active Scanning Responses . | . . . . . . . . . . . . . . . Cargo Convoy Interrupts . | . . . . . . . . . . . . . . . Stealth | -11 -10 -10 -9 -9 -8 -7 -7 -7 -7 -6 -5 -5 -5 -5 --------- Run | Jun Mat Min Mat Min Mat Fac Was Fac DSF Fac Fac Was Fac Upp Distress Signals 4 | . . . . . 3 . . . . . . . 1 . Communications Jammed . | . . . . . . . . . . . . . . . Distress Signals . | . . . . . . . . . . . . . . . Times Spotted 123 | . 6 . 28 2 28 1 5 . 3 17 1 4 25 3 Peak Tracking Total 6 | . 5 . 6 1 3 1 5 . 3 6 1 4 6 3 Tactical Retreats 6 | . . . 1 1 3 . . . . . . . 1 . Traps | -11 -10 -10 -9 -9 -8 -7 -7 -7 -7 -6 -5 -5 -5 -5 ------- Run | Jun Mat Min Mat Min Mat Fac Was Fac DSF Fac Fac Was Fac Upp Traps Triggered 7 | . 1 . 1 . 1 1 . . 1 1 1 . . . Indirectly . | . . . . . . . . . . . . . . . Trap Hack Attempts . | . . . . . . . . . . . . . . . Triggered . | . . . . . . . . . . . . . . . Disarmed . | . . . . . . . . . . . . . . . Reprogrammed . | . . . . . . . . . . . . . . . Reused 2 | . . . 2 . . . . . . . . . . . Traps Extracted . | . . . . . . . . . . . . . . . Installed 4 | . . . 4 . . . . . . . . . . . Triggered 2 | . . . 2 . . . . . . . . . . . Most Traps Carried 4 | . . 4 4 . . . . . . . . . . . Machines | -11 -10 -10 -9 -9 -8 -7 -7 -7 -7 -6 -5 -5 -5 -5 ---------- Run | Jun Mat Min Mat Min Mat Fac Was Fac DSF Fac Fac Was Fac Upp Machines Disabled 14 | . 1 . 1 . 2 . . . . 5 4 . 1 . Max in Single Turn 4 | . 1 . 1 . 1 . . . . 3 4 . 1 . Machines Repaired . | . . . . . . . . . . . . . . . Machines Sabotaged . | . . . . . . . . . . . . . . . Overloaded Fab Kills . | . . . . . . . . . . . . . . . Hacking | -11 -10 -10 -9 -9 -8 -7 -7 -7 -7 -6 -5 -5 -5 -5 --------- Run | Jun Mat Min Mat Min Mat Fac Was Fac DSF Fac Fac Was Fac Upp Machines Accessed 26 | . 1 . 5 . 3 3 . 1 . 6 1 . 6 . Terminals 12 | . 1 . 3 . 3 1 . 1 . 1 . . 2 . Fabricators 3 | . . . . . . 1 . . . 1 . . 1 . Repair Stations 3 | . . . 1 . . . . . . . 1 . 1 . Recycling Units 5 | . . . 1 . . 1 . . . 2 . . 1 . Scanalyzers 2 | . . . . . . . . . . 1 . . 1 . Garrison Access 1 | . . . . . . . . . . 1 . . . . Total Hacks 66 | . 5 . 15 . 10 8 . 1 . 12 2 . 13 . Successful 28 | . 3 . 7 . 5 2 . 1 . 7 . . 3 . Failed 38 | . 2 . 8 . 5 6 . . . 5 2 . 10 . Catastrophic 5 | . . . 1 . 2 1 . . . . . . 1 . Database Lockouts . | . . . . . . . . . . . . . . . Manual 29 | . 1 . 11 . 9 3 . . . 2 . . 3 . Terminals 36 | . 5 . 11 . 10 3 . 1 . 2 . . 4 . Fabricators 5 | . . . . . . 2 . . . 1 . . 2 . Repair Stations 7 | . . . 2 . . . . . . . 2 . 3 . Recycling Units 11 | . . . 2 . . 3 . . . 4 . . 2 . Scanalyzers 5 | . . . . . . . . . . 3 . . 2 . Garrison Access 2 | . . . . . . . . . . 2 . . . . Terminal Hacks 9 | . 3 . 2 . 3 . . 1 . . . . . . Robot Analysis 3 | . 1 . . . 2 . . . . . . . . . Prototype ID Bank 1 | . . . . . 1 . . . . . . . . . Open DSF 1 | . . . . . . . . 1 . . . . . . Branch Access Points 1 | . 1 . . . . . . . . . . . . . Terminal Index 1 | . . . 1 . . . . . . . . . . . Alert Level 1 | . . . 1 . . . . . . . . . . . Registered Prototypes 1 | . 1 . . . . . . . . . . . . . Fabricator Hacks 2 | . . . . . . 1 . . . 1 . . . . Network Status 1 | . . . . . . 1 . . . . . . . . Build 1 | . . . . . . . . . . 1 . . . . Repair Station Hacks 3 | . . . 2 . . . . . . . . . 1 . Scan Component 2 | . . . 1 . . . . . . . . . 1 . Repair 1 | . . . 1 . . . . . . . . . . . Recycling Unit Hacks 6 | . . . 2 . . . . . . 3 . . 1 . Report Inventory 2 | . . . . . . . . . . 1 . . 1 . Retrieve Components 4 | . . . 2 . . . . . . 2 . . . . Scanalyzer 2 | . . . . . . . . . . 2 . . . . Insert Component 1 | . . . . . . . . . . 1 . . . . Analyze 1 | . . . . . . . . . . 1 . . . . Garrison Access Hacks . | . . . . . . . . . . . . . . . Unauthorized Hacks 6 | . . . 1 . 2 1 . . . 1 . . 1 . Terminals 6 | . . . 1 . 2 1 . . . 1 . . 1 . Botnet 5 | . . . 1 . 1 1 . . . 1 . . 1 . Detonate 1 | . . . . . 1 . . . . . . . . . Fabricators . | . . . . . . . . . . . . . . . Repair Stations . | . . . . . . . . . . . . . . . Recycling Units . | . . . . . . . . . . . . . . . Scanalyzers . | . . . . . . . . . . . . . . . Garrison Access . | . . . . . . . . . . . . . . . Data Cores Recovered 1 | . . . . . . . . . . . 1 . . . Used . | . . . . . . . . . . . . . . . Hacking Detections 21 | . 1 . 3 . 3 3 . . . 4 1 . 6 . Full Trace Events 4 | . . . . . 1 . . . . 1 . . 2 . Feedback Events . | . . . . . . . . . . . . . . . Feedback Blocked . | . . . . . . . . . . . . . . . Robot Schematics Acquired . | . . . . . . . . . . . . . . . Robots Built 1 | . . . . . . . . . . 1 . . . . Authchips . | . . . . . . . . . . . . . . . Time 76 | . . . . . . . . . . 76 . . . . Total Robot Build Rating 5 | . . . . . . . . . . 5 . . . . Part Schematics Acquired 1 | . . . . . . . . . . 1 . . . . Parts Built . | . . . . . . . . . . . . . . . Authchips . | . . . . . . . . . . . . . . . Time . | . . . . . . . . . . . . . . . Total Part Build Rating . | . . . . . . . . . . . . . . . Parts Repaired 1 | . . . 1 . . . . . . . . . . . Time 108 | . . . 108 . . . . . . . . . . . Parts Recycled . | . . . . . . . . . . . . . . . Recycled Matter . | . . . . . . . . . . . . . . . Retrieved Matter . | . . . . . . . . . . . . . . . Retrieved Components 6 | . . . . . . . . . . 6 . . . . Parts Scanalyzed 1 | . . . . . . . . . . 1 . . . . Part Schematics Acquired 1 | . . . . . . . . . . 1 . . . . Parts Damaged . | . . . . . . . . . . . . . . . Bothacking | -11 -10 -10 -9 -9 -8 -7 -7 -7 -7 -6 -5 -5 -5 -5 ------------ Run | Jun Mat Min Mat Min Mat Fac Was Fac DSF Fac Fac Was Fac Upp Used RIF Installer . | . . . . . . . . . . . . . . . Robots Hacked . | . . . . . . . . . . . . . . . Non-combat . | . . . . . . . . . . . . . . . Combat . | . . . . . . . . . . . . . . . Robot Hacks Applied . | . . . . . . . . . . . . . . . Relay Couplers Released . | . . . . . . . . . . . . . . . Fabnet Peak Effective % . | . . . . . . . . . . . . . . . Robots Rewired . | . . . . . . . . . . . . . . . Allies Hacked . | . . . . . . . . . . . . . . . Hacks Repelled . | . . . . . . . . . . . . . . . Allies | -11 -10 -10 -9 -9 -8 -7 -7 -7 -7 -6 -5 -5 -5 -5 -------- Run | Jun Mat Min Mat Min Mat Fac Was Fac DSF Fac Fac Was Fac Upp Total Allies 5 | . . . . 2 . . 1 . . 1 . 1 . . Largest Group 2 | . . . . 2 2 . 1 . . 1 . 1 . . Highest-Rated Group 46 | . . . . 46 46 . 31 . . 25 . 31 . . Highest-Rated Ally 31 | . . . . 31 31 . 31 . . 25 . 31 . . Total Orders 3 | . . . . . . . . . . 1 . . 2 . COLLECT 1 | . . . . . . . . . . 1 . . . . EXPLORE 2 | . . . . . . . . . . . . . 2 . Ally Attacks 26 | . . . . 10 3 . 2 . . . . 11 . . Total Damage 353 | . . . . 126 41 . 41 . . . . 145 . . Kills 3 | . . . . 3 . . . . . . . . . . Allies Corrupted . | . . . . . . . . . . . . . . . Allies Melted . | . . . . . . . . . . . . . . . Intel | -11 -10 -10 -9 -9 -8 -7 -7 -7 -7 -6 -5 -5 -5 -5 ------- Run | Jun Mat Min Mat Min Mat Fac Was Fac DSF Fac Fac Was Fac Upp Robot Analysis Total 3 | . 1 . . . 2 . . . . . . . . . Derelict Logs Recovered 2 | . . 1 . 1 . . . . . . . . . . Drone Launches 2 | . . . . . . . . . . . . . 2 . Drone Recoveries . | . . . . . . . . . . . . . . . Exploration | -11 -10 -10 -9 -9 -8 -7 -7 -7 -7 -6 -5 -5 -5 -5 ------------- Run | Jun Mat Min Mat Min Mat Fac Was Fac DSF Fac Fac Was Fac Upp Turns Passed 6997 | 75 306 483 1184 1101 1505 383 109 18 55 812 72 42 797 55 Spaces Moved 4103 | 43 173 296 503 553 798 241 140 9 42 558 111 63 566 7 Core 196 | 4 . . . . . . 89 9 33 53 . . 6 2 Treads 1714 | 39 173 296 503 553 114 . . . 9 27 . . . . Legs 976 | . . . . . 684 241 51 . . . . . . . Wheels 306 | . . . . . . . . . . 306 . . . . Hover 911 | . . . . . . . . . . 172 111 63 560 5 Flight . | . . . . . . . . . . . . . . . Fastest Speed 50 | 50 160 160 160 160 120 120 50 150 50 50 52 52 50 116 Average Speed 125 | 149 160 160 160 160 138 120 76 150 109 99 52 52 74 204 Slowest Speed 450 | 160 160 160 160 160 240 120 190 150 150 450 52 52 400 450 Overloaded Moves . | . . . . . . . . . . . . . . . Propulsion Burnouts . | . . . . . . . . . . . . . . . Robots Hopped . | . . . . . . . . . . . . . . . Cave-ins Triggered . | . . . . . . . . . . . . . . . Exploration Rate (%) 35 | 5 35 51 39 99 50 6 71 . 47 14 4 62 12 2 Regions Visited 14 Branch Regions 3 Pre-discovered Areas . | . . . . . . . . . . . . . . . Known Exits Taken 7 | . 1 . 1 1 1 . . 1 . 1 . . 1 . Unknown Exits Taken 2 | 1 . 1 . . . . . . . . . . . . Scrap Searched 4 | . . 2 . 2 . . . . . . . . . . Spaces Dug . | . . . . . . . . . . . . . . . Terrain Destroyed 133 | . 16 . 26 23 40 . . . . 21 . . 7 . Melee . | . . . . . . . . . . . . . . . Projectile 14 | . . . 1 . 3 . . . . 3 . . 7 . AOE 119 | . 16 . 25 23 37 . . . . 18 . . . . Terrain Rammed . | . . . . . . . . . . . . . . . Walls Destroyed . | . . . . . . . . . . . . . . . Machines Disabled . | . . . . . . . . . . . . . . . Actions | -11 -10 -10 -9 -9 -8 -7 -7 -7 -7 -6 -5 -5 -5 -5 --------- Run | Jun Mat Min Mat Min Mat Fac Was Fac DSF Fac Fac Was Fac Upp Total 5497 | 50 191 305 788 764 1070 328 142 13 48 734 121 71 827 45 Wait 852 | . 6 . 181 202 137 67 . . . 49 . 9 164 37 Move 4092 | 42 172 295 502 552 797 241 139 9 41 557 111 62 565 7 Hop . | . . . . . . . . . . . . . . . Pick Up 67 | 2 3 5 6 2 12 4 1 . 1 21 2 . 8 . Fast Attach 64 | 3 2 1 6 . 5 . . . 4 22 1 . 20 . Attach 30 | 2 . . 1 . 4 3 2 4 . 7 3 . 4 . Detach 10 | . . 1 4 . 1 . . . 1 1 2 . . . Swap 42 | . 2 1 18 1 10 1 . . 1 6 . . 2 . Drop 76 | . 1 1 13 1 19 4 . . . 29 . . 8 . Fire 258 | 1 5 1 53 4 85 8 . . . 42 2 . 56 1 Melee . | . . . . . . . . . . . . . . . Ram . | . . . . . . . . . . . . . . . Kick . | . . . . . . . . . . . . . . . Crush 2 | . . . . 2 . . . . . . . . . . Escape Stasis . | . . . . . . . . . . . . . . . Rewire . | . . . . . . . . . . . . . . . Trap 4 | . . . 4 . . . . . . . . . . . Miscellaneous . | . . . . . . . . . . . . . . . Route ------- -11/Junkyard -10/Materials (discovered 2 exits: *Min x2) -10/Mines -9/Materials (discovered 2 exits: Mat / *Min) -9/Mines (discovered 2 exits: *Mat x2) -8/Materials -7/Factory -7/Waste -7/Factory -7/DSF -6/Factory -5/Factory -5/Waste -5/Factory -5/Upper Caves History --------- Turn | Location | Event 37 | -11/Junkyard | Discovered new exit (range 16) 76 | -11/Junkyard | Entered Materials 93 | -10/Materials | Identified exit to Mines 322 | -10/Materials | Build established: Mutant 382 | -10/Materials | Entered Mines 385 | -10/Mines | Met a Derelict bent on vengeance 408 | -10/Mines | Learned location of 1 exit from Materials 498 | -10/Mines | Found a hidden stash of uninstalled traps 609 | -10/Mines | A weapon hastily lodged in a ceiling crevice suddenly fell to the ground 779 | -10/Mines | Discovered new exit (range 16) 802 | -10/Mines | Found a damaged Exp. Sensor Array with a note attached 805 | -10/Mines | Found Prototype Device 811 | -10/Mines | Identified Exp. Sensor Array 865 | -10/Mines | Entered Materials 865 | -9/Materials | Evolved 2 slots: Propulsion x1, Utility x1 866 | -9/Materials | Identified exit to Materials 1344 | -9/Materials | Discovered new exit (range 15) 1737 | -9/Materials | Build established: Scavenger-Mutant 1759 | -9/Materials | Repaired Exp. Sensor Array 2033 | -9/Materials | Identified exit to Mines 2049 | -9/Materials | Entered Mines 2050 | -9/Mines | Assembled infested the area 2055 | -9/Mines | Assisted by a Guerilla fighting off Assembled 2132 | -9/Mines | Build established: Mutant 2332 | -9/Mines | Learned Materials security intel 2789 | -9/Mines | Discovered exit to Materials (range 16) 2881 | -9/Mines | Discovered exit to Materials (range 9) 3150 | -9/Mines | Entered Materials 3150 | -8/Materials | Accompanied by 2 allies 3150 | -8/Materials | Evolved 2 slots: Utility x2 3155 | -8/Materials | Led the pair of lost Derelicts to an unsafe place 3890 | -8/Materials | Build established: Scavenger-Skirmisher 4624 | -8/Materials | Discovered new exit (range 10) 4648 | -8/Materials | Identified exit to Factory 4655 | -8/Materials | Entered Factory 4655 | -7/Factory | Evolved 2 slots: Propulsion x1, Utility x1 5038 | -7/Factory | Sucked down chute 5038 | -7/Factory | Entered Waste 5039 | -7/Waste | Met a frightened Derelict 5053 | -7/Waste | EMP discharged 5071 | -7/Waste | Spotted C-40 Crusher 5071 | -7/Waste | Spotted C-40 Crusher 5074 | -7/Waste | Spotted C-40 Crusher 5098 | -7/Waste | Crushed by Compactor (1 part destroyed, 1 dropped) 5100 | -7/Waste | Crushed by Compactor (1 part destroyed, 2 dropped) 5101 | -7/Waste | Crushed by Compactor (1 part destroyed, 2 dropped) 5101 | -7/Waste | Crushed by Compactor (1 part destroyed, 1 dropped) 5103 | -7/Waste | Crushed by Compactor (1 part destroyed, 2 dropped) 5120 | -7/Waste | Spotted C-40 Crusher 5122 | -7/Waste | Spotted C-40 Crusher 5134 | -7/Waste | Lost 6 parts (1p2n2u1w) 5139 | -7/Waste | Discovered new exit (range 12) 5147 | -7/Waste | Entered Factory 5165 | -7/Factory | Identified exit to DSF 5165 | -7/Factory | Entered DSF 5191 | -7/DSF | Additional patrols routed to DSF 5213 | -7/DSF | Discovered new exit (range 14) 5220 | -7/DSF | Entered Factory 5220 | -6/Factory | Evolved 2 slots: Utility x1, Weapon x1 5405 | -6/Factory | Build established: Mutant 5411 | -6/Factory | Lost 3 parts (1n1u1w) 5773 | -6/Factory | Fabricated A-15 Conveyor (x1) 5946 | -6/Factory | Discovered new exit (range 15) 6030 | -6/Factory | Identified exit to Factory 6032 | -6/Factory | Entered another Factory area 6032 | -5/Factory | Evolved 2 slots: Propulsion x2 6104 | -5/Factory | Sucked down chute 6104 | -5/Factory | Entered Waste 6105 | -5/Waste | Met a frightened Derelict 6111 | -5/Waste | Spotted C-40 Crusher 6114 | -5/Waste | Spotted C-40 Crusher 6116 | -5/Waste | Spotted C-40 Crusher 6120 | -5/Waste | Crushed by Compactor (1 part destroyed, 1 dropped) 6123 | -5/Waste | Spotted C-40 Crusher 6123 | -5/Waste | Spotted C-40 Crusher 6129 | -5/Waste | Discovered new exit (range 16) 6139 | -5/Waste | Spotted C-40 Crusher 6145 | -5/Waste | Identified exit to Factory 6146 | -5/Waste | Entered Factory 6284 | -5/Factory | Build established: Scavenger-Tank 6444 | -5/Factory | Discovered new exit (range 47) 6608 | -5/Factory | Lost 3 parts (1u2w) 6748 | -5/Factory | Lost 11 parts (1p3n4u3w) 6890 | -5/Factory | Identified exit to Upper Caves 6933 | -5/Factory | Garrison activated, responded to threat 6943 | -5/Factory | Entered Upper Caves 6964 | -5/Upper Caves | Core integrity fell below 50% 6985 | -5/Upper Caves | Core integrity fell below 20% 6998 | -5/Upper Caves | Destroyed by L-41 Fighter with Axe Last Messages --------------- Dispatching Investigation squad. 06921_ System Restoration Module purges 1% system corruption (5%). 06933_ G-50 Soldier calls for garrison reinforcements. 06933_ ALERT: Activating Garrison Access F004. 06935_ K-01 Serf cleans the Power Conduit. 06941_ G-50 Soldier misfires. 06943_ M-13 Machinist repairs G-50 Soldier. LOCATION=UPPER CAVES GOAL=ESCAPE 06948_ Hpw. Shock Rifle destroyed. 06951_ Antigrav System destroyed. 06955_ Autogun severed. 06958_ Mic. Fission Core severed. 06960_ Tesla Rifle destroyed. 06960_ System Restoration Module destroyed. 06971_ System corrupted: Energy discharge (-25). 06987_ Imp. Target Analyzer destroyed. 06992_ PYXAHUQ20BD3EWTMRSO7WJAUFRK& F